 Dungeon Crawl Stone Soup version 0.30-a0-586-g23e55c9e0a (webtiles) character file.

Game seed: 9158117461279339786

602 qeuew the Chopper (level 7, 0/81 HPs)
             Began as a Hill Orc Fighter on Jan 3, 2023.
             Slain by Edmund
             ... wielding a +0 dire flail of protection
              (11 damage)
             ... on level 4 of the Dungeon.
             The game lasted 00:03:04 (2176 turns).

qeuew the Chopper (Hill Orc Fighter)                Turns: 2176, Time: 00:03:05

Health: 0/81       AC: 11    Str: 21    XL:     7   Next: 41%
Magic:  7/7        EV:  7    Int:  8    God:
Gold:   64         SH:  4    Dex: 10    Spells: 6/6 levels left

rFire   . . .      SeeInvis .    a - +0 war axe
rCold   . . .      Faith    .    c - +0 buckler
rNeg    . . .      Spirit   .    b - +0 scale mail
rPois   .          Reflect  .    (no helmet)
rElec   .          Harm     .    (no cloak)
rCorr   .          Rampage  .    (no gloves)
Will    .....      Clarity  +    (no boots) Stlth
                                 h - amulet of regeneration
HPRegen 1.13/turn                m - +4 ring of protection
MPRegen 0.10/turn                (no ring)

@: mighty, berserking, constricted, very quick
A: clarity, frail 1, screaming 1
a: no special abilities


You were on level 4 of the Dungeon.
You visited 1 branch of the dungeon, and saw 4 of its levels.

You collected 64 gold pieces.

Inventory:

Hand Weapons
 a - a +0 war axe (weapon)
Armour
 b - a +0 scale mail (worn)
 c - a +0 buckler (worn)
Jewellery
 h - an amulet of regeneration (around neck)
 m - a +4 ring of protection (left hand)
Potions
 e - 2 potions of brilliance
 i - a potion of curing


   Skills:
 + Level 5.1 Fighting
 * Level 6.5 Axes
 + Level 4.7 Armour
 + Level 2.3 Dodging
 + Level 4.6 Shields


You had 6 spell levels left.
You didn't know any spells.
Your spell library contained the following spells:

 Spells                   Type           Power      Damage    Failure   Level
 Ensorcelled Hibernation  Hex/Ice        0%         N/A       92%         2
 Passwall                 Tmut/Erth      0%         N/A       92%         2
 Swiftness                Air            0%         N/A       99%         3


Dungeon Overview and Level Annotations

Branches:
Dungeon (4/15)
 Temple: D:4-7

Altars:
Qazlal
Sif Muna
Yredelemnul
The Shining One

Shops:
D:4 =

Annotations:
D:4 Edmund


Innate Abilities, Weirdness & Mutations

You possess an exceptional clarity of mind.
You are frail. (-10% HP)
You occasionally shout uncontrollably at your foes.


Message History

Sigmund is heavily wounded.
You hit the gnoll bouda. You hit Edmund. The gnoll barely misses you.
The gnoll completely misses you. The gnoll hits you but does no damage.
Unknown command.
You closely miss Edmund.
Edmund is severely wounded.
You hit Sigmund. You slash the gnoll bouda!
The gnoll is no longer moving quickly.
Edmund hits you but does no damage.
The gnoll bouda mumbles some strange prayers to its god.
The gnoll bouda is healed somewhat.
Sigmund closely misses you.
The gnoll hits you from afar with a +0 spear.
* * * LOW HITPOINT WARNING * * *
The gnoll hits you from afar with a +0 spear.
* * * LOW HITPOINT WARNING * * *
The gnoll closely misses you.
Unknown command.
You closely miss Sigmund.
Sigmund is severely wounded.
You slash the gnoll bouda!
You kill the gnoll bouda!
You completely miss Edmund. Edmund barely misses you.
The gnoll hits you but does no damage. The gnoll barely misses you.
The gnoll completely misses you. Sigmund casts a spell at you.
You feel momentarily confused.
You have reached level 7!
You slash Sigmund!
You kill Sigmund!
You barely miss the ball python. You hit Edmund.
You block the ball python's attack. The ball python barely misses you.
You block Edmund's attack. The gnoll closely misses you.
Your Fighting skill increases to level 5!
Unknown command.
You barely miss Edmund.
Edmund is almost dead.
You completely miss the ball python. The gnoll closely misses you. x2
The ball python bites you but does no damage.
The ball python grabs you. The ball python constricts you.
Edmund hits you with a +0 dire flail of protection!
You die...

<.......####....#....
........###.#+#......
.....)....##≈.##...#..
..........#≈≈.###... .
..........'..∩..+...#
..........###.≈≈#
...######..##.≈#....
... #..#.#+## .... ..
#..##@)# ...
#.....S@...# .#
......ggg......#
##....!#g.####..
.........# .
........... ..... ....
...........


You could see Edmund, 4 gnolls and a ball python.

Vanquished Creatures
  Sigmund (D:4)
  A necrophage (D:4)
  A jelly (D:4)
  A gnoll bouda (D:4)
  Jessica (D:2)
  An iguana (D:4)
  3 orc wizards (D:3)
  Robin (D:2)
  A gnoll (D:1)
  7 adders
  A worm (D:2)
  3 dart slugs
  14 orcs (D:3)
  2 endoplasms
  14 goblins
  11 hobgoblins
  7 jackals
  A quokka (D:3)
  4 ball pythons
  10 bats
  4 frilled lizards
  6 kobolds
  2 rats
  A spectral orc (D:3)
98 creatures vanquished.

Notes
Turn   | Place    | Note
-------+----------+-------------------------------------------
     0 | D:1      | qeuew the Hill Orc Fighter began the quest for the Orb.
     0 | D:1      | Reached XP level 1. HP: 19/19 MP: 1/1
   119 | D:1      | Reached skill level 3 in Axes
   133 | D:1      | Reached XP level 2. HP: 27/27 MP: 2/2
   297 | D:1      | Reached XP level 3. HP: 33/33 MP: 3/3
   761 | D:1      | Gained mutation: You occasionally shout uncontrollably at
                  | your foes. [potion of mutation]
   761 | D:1      | Gained mutation: You are frail. (-10% HP) [potion of
                  | mutation]
   761 | D:1      | Gained mutation: You possess an exceptional clarity of
                  | mind. [potion of mutation]
   771 | D:2      | Noticed Robin
   771 | D:2      | Noticed Jessica
   772 | D:2      | Killed Jessica
   774 | D:2      | Reached XP level 4. HP: 36/36 MP: 4/4
   778 | D:2      | Reached skill level 4 in Axes
   784 | D:2      | Reached skill level 1 in Dodging
   790 | D:2      | Killed Robin
   977 | D:2      | Identified the +4 short sword of Dim Light {vamp, Str+3}
   979 | D:2      | Found a glowing golden altar of the Shining One.
  1118 | D:2      | Reached XP level 5. HP: 41/41 MP: 5/5
  1498 | D:3      | Reached skill level 5 in Axes
  1517 | D:3      | Found a stormy altar of Qazlal.
  1605 | D:3      | Found a shimmering blue altar of Sif Muna.
  1690 | D:3      | Reached XP level 6. HP: 47/47 MP: 6/6
  1849 | D:3      | Found a basalt altar of Yredelemnul.
  2148 | D:4      | Found Buhad's Jewellery Boutique.
  2157 | D:4      | Noticed Sigmund
  2159 | D:4      | Noticed Edmund
  2172 | D:4      | Reached skill level 6 in Axes
  2175 | D:4      | Reached XP level 7. HP: 10/54 MP: 7/7
  2175 | D:4      | Killed Sigmund
  2176 | D:4      | Reached skill level 5 in Fighting
  2176 | D:4      | Slain by Edmund

Illustrated notes

Levels and vault maps discovered:
D:1:      amcnicky_arrival_abandoned_market, layout_basic, minmay_box_of_dots
D:2:      layout_basic, basic_altar, uniq_robin, uniq_jessica
D:3:      layout_basic, nicolae_sif_muna_condensation, grunt_qazlal_sundering,
          yredelemnul_forgotten_temple_becter
D:4:      layout_cave_pools, zin_academy, nicolae_overflow_hidden_temple,
          minmay_temple_entry_nine_rooms, serial_shops,
          nicolae_shop_hallway_plus, uniq_edmund, uniq_sigmund, uniq_pikel,
          uniq_duvessa

Skill      XL: |  1  2  3  4  5  6  7 |
---------------+----------------------+-----
Axes           | 3 4 5 6 |  6.5
Fighting       | 4 5 |  5.1
Dodging        | 1 2 |  2.3
Armour         | 4 |  4.7
Shields        | 4 |  4.6

Action                   |  1- 3 |  4- 6 |  7- 9 || total
-------------------------+-------+-------+-------++-------
Melee: War axe           |    48 |   190 |     2 ||   240
  Use: Potion            |     3 |     6 |       ||     9
       Scroll            |     2 |     5 |       ||     7
Armor: Scale mail        |    19 |   140 |     1 ||   160
Dodge: Dodged            |    17 |   148 |     4 ||   169
Block: Buckler           |    10 |    62 |     2 ||    74

Table legend: (Time is in decaauts)
 A = Elapsed time spent in this place.
 B = Non-inter-level travel time spent in this place.
 C = Inter-level travel time spent in this place.
 D = Time resting spent in this place.
 E = Time spent auto-exploring this place.
 F = Levels seen in this place.
 G = Mean time per level.
                   A        B        C        D        E       F      G
               +--------+--------+--------+--------+--------+-----+--------+
         Total |   2248 |   2196 |     52 |      0 |   1658 |   4 |  562.0 |
       Dungeon |   2248 |   2196 |     52 |      0 |   1658 |   4 |  562.0 |
               +--------+--------+--------+--------+--------+-----+--------+

Top non-repeatable levels by time:
     D:1: 788 daAuts
     D:3: 725 daAuts
     D:2: 665 daAuts
     D:4: 69 daAuts
